 Dungeon Crawl Stone Soup version 0.29.1-12-g30fa7ad0bf (webtiles) character file.

Game seed: 12558544807688354425

47 thatblackman the Grave Robber (level 3, -4/19 HPs)
             Began as a Vampire Necromancer on Jan 9, 2023.
             Slain by a worm (8 damage)
             ... on level 3 of the Dungeon.
             The game lasted 00:12:06 (1278 turns).

thatblackman the Grave Robber (Vampire Necromancer) Turns: 1278, Time: 00:12:07

Health: -4/19      AC:  3    Str:  9    XL:     3   Next: 48%
Magic:  7/7        EV: 12    Int: 17    God:
Gold:   91         SH:  3    Dex: 14    Spells: 3/7 levels left

rFire   . . .      SeeInvis +   d - +0 dagger
rCold   + + .      Faith    .   m - +0 buckler
rNeg    + + +      Spirit   .   a - +0 robe
rPois   ∞          Reflect  .   (no helmet)
rElec   .          Harm     .   (no cloak)
rCorr   .          Rampage  .   l - +0 pair of gloves
Will    .....                   (no boots)
Stlth   ++++......              k - amulet of magic regeneration
HPRegen 0.00/turn               (no ring)
MPRegen 0.50/turn               (no ring)

@: bloodless, inhibited regen
A: bloodless, fangs 3, see invisible, vampiric 2
a: Bat Form, Revivify


You were on level 3 of the Dungeon.
You visited 1 branch of the dungeon, and saw 3 of its levels.

You collected 91 gold pieces.

Inventory:

Hand Weapons
 d - a +0 dagger (weapon)
 h - a +0 club
 q - a +0 great sword
Armour
 a - a +0 robe (worn)
 l - a +0 pair of gloves (worn)
 m - a +0 buckler (worn)
Jewellery
 k - an amulet of magic regeneration (around neck)
Wands
 p - a wand of paralysis (3) (quivered)
Scrolls
 c - a scroll of immolation {unknown}
 i - 4 scrolls of identify {unknown}
 r - a scroll of fear {unknown}
Potions
 b - a potion of magic
 e - a potion of curing {unknown}
 f - a potion of lignification {unknown}
 g - a potion of haste {unknown}
 j - a potion of brilliance {unknown}
 n - a potion of flight {unknown}
 o - a potion of attraction {unknown}


   Skills:
 + Level 0.1 Fighting
 + Level 0.3 Short Blades
 + Level 2.3 Dodging
 + Level 3.1 Stealth
 + Level 2.6 Spellcasting
 + Level 5.1 Necromancy


You had 3 spell levels left.
You knew the following spells:

 Your Spells              Type           Power      Damage    Failure   Level
a - Necrotise             Necr           76%        1d7       3%          1
b - Vampiric Draining     Necr           19%        2d7       9%          3

Your spell library contained the following spells:

 Spells                   Type           Power      Damage    Failure   Level
 Animate Dead             Necr           19%        N/A       28%         4
 Agony                    Necr           19%        N/A       63%         5


Dungeon Overview and Level Annotations

Branches:
Dungeon (3/15)

Altars:


Innate Abilities, Weirdness & Mutations

You do not regenerate when monsters are visible.
You are frail without blood (-20% HP).
You can heal yourself when you bite living creatures.
You are immune to poison.
You have razor-sharp teeth.
You have supernaturally acute eyesight. (SInv)
You are afflicted with vampirism and can become a bat while bloodless.


Message History

Your rat skeleton bites the dart slug but does no damage.
The dart slug bites you but does no damage.
Your rat skeleton bites the dart slug.
The helpless kobold fails to defend itself.
You bite the kobold, and draw its blood!
You feel better.
You puncture the kobold!
You kill the kobold!
The dart slug launches a dart at you. The slug dart hits you.
The dart slug suddenly stops moving!
Your rat skeleton bites the dart slug.
The worm bites you but does no damage.
The dart slug struggles to resist.
Your rat skeleton bites the dart slug.
The worm bites you.
Nothing appears to happen.
Your rat skeleton bites the dart slug.
The dart slug dies!
You hit the worm.
The worm is lightly wounded.
Your rat skeleton bites the worm but does no damage.
The worm bites your rat skeleton!
Your rat skeleton is destroyed!
You hit the worm. You bite the worm.
The worm is moderately wounded.
You hit the worm. You bite the worm.
The worm is heavily wounded.
The worm bites you!
* * * LOW HITPOINT WARNING * * *
You hit the worm but do no damage.
The worm is heavily wounded.
The worm bites you but does no damage.
You barely miss the worm.
The worm is heavily wounded.
You hit the worm but do no damage.
The worm is heavily wounded.
The worm barely misses you.
You hit the worm but do no damage.
The worm is moderately wounded.
You hit the worm.
The worm is heavily wounded.
The worm bites you!
You die...

#######
......#......#
......#
......#......#
......#
.....#......#
...(..# ..........
......# #.......
......# #[††$.#
......# #..)†.#
......# #.)@w.#
.###### ######.....#
...### #.......†.$#
##...####..........#
###...†........####
######.......#
#..........#
#.......##...
######### ##


You could see a worm.

Vanquished Creatures
  An adder (D:3)
  A dart slug (D:2)
  2 ball pythons
  3 bats
  3 endoplasms
  3 giant cockroaches
  3 goblins
  A hobgoblin (D:3)
  A kobold (D:3)
  A quokka (D:3)
  2 frilled lizards (D:1)
  5 rats
  A bush (D:1)
27 creatures vanquished.

Vanquished Creatures (collateral kills)
  2 dart slugs
  A ball python (D:1)
  A rat (D:1)
4 creatures vanquished.

Grand Total: 31 creatures vanquished

Notes
Turn   | Place    | Note
-------+----------+-------------------------------------------
     0 | D:1      | thatblackman the Vampire Necromancer began the quest for
                  | the Orb.
     0 | D:1      | Reached XP level 1. HP: 13/13 MP: 3/3
   670 | D:1      | Reached XP level 2. HP: 17/19 MP: 5/5
   970 | D:2      | Reached skill level 5 in Necromancy
  1233 | D:3      | Gained mutation: You are afflicted with vampirism and can
                  | become a bat while bloodless. [Vampire growth]
  1233 | D:3      | Reached XP level 3. HP: 24/24 MP: 6/6
  1245 | D:3      | Learned a level 3 spell: Vampiric Draining
  1278 | D:3      | Slain by a worm

Illustrated notes

Levels and vault maps discovered:
D:1:      scummos_arrival_hexagon, layout_loops_ring,
          ebering_ecumenical_altar_sacrificial, minmay_hedge_maze
D:2:      layout_loops_ring, uniq_terence
D:3:      layout_basic

Skill      XL: |  1  2 |
---------------+-------+-----
Necromancy     | 5 |  5.1
Fighting       | |  0.1
Short Blades   | |  0.3
Dodging        | |  2.3
Stealth        | |  3.1
Spellcasting   | |  2.6

Action                   || total
-------------------------++-------
Melee: Dagger            ||   350
       Bite              ||    70
       Punch             ||     8
 Cast: Necrotise         ||    30
       Vampiric Draining ||     2
 Abil: Exsanguinate      ||     1
Evoke: Wand              ||     6
 Stab: Paralysed         ||     1
Armor: Robe              ||    11
Dodge: Dodged            ||    38
Block: Buckler           ||     5
